 Dungeon Crawl Stone Soup version 0.30-a0-174-gbc10bd73c2 (webtiles) character file.

Game seed: 5241430927508853515

74 qw the Chopper (level 4, -2/28 HPs)
             Began as a Gargoyle Fighter on Oct 1, 2022.
             Slain by a scorpion (6 damage)
             ... on level 4 of the Dungeon.
             The game lasted 00:00:51 (2678 turns).

qw the Chopper (Gargoyle Fighter)                   Turns: 2678, Time: 00:00:51

Health: -2/28      AC: 16    Str: 22    XL:     4   Next: 30%
Magic:  4/4        EV:  6    Int:  8    God:
Gold:   162        SH:  4    Dex:  9    Spells: 3/3 levels left

rFire   . . .      SeeInvis .    Y - +2 war axe
rCold   . . .      Faith    .    c - +0 buckler
rNeg    + . .      Spirit   .    k - +0 plate armour
rPois   inf        Reflect  .    j - +0 helmet
rElec   +          Harm     .    (no cloak)
rCorr   .          Rampage  .    (no gloves)
Will    .....                    (no boots)
Stlth   ..........               (no amulet)
HPRegen 0.24/turn                (no ring)
MPRegen 0.09/turn                (no ring)

@: no status effects
A: sickness immunity, AC +3, negative energy resistance 1, electricity
resistance, torment resistance 1, petrification resistance
a: no special abilities


You were on level 4 of the Dungeon.
You visited 1 branch of the dungeon, and saw 4 of its levels.

You collected 162 gold pieces.


Innate Abilities, Weirdness & Mutations

You are immune to sickness and miasma.
Your stone body is resilient. (AC +3)
You are immune to poison.
You resist negative energy. (rN+)
You are resistant to electric shocks. (rElec)
You are resistant to unholy torment.
You are immune to petrification.


   Skills:
 - Level 3.2 Fighting
 + Level 4.0 Axes
 - Level 3.2 Armour
 - Level 3.2 Shields


You had 3 spell levels left.
You didn't know any spells.
Your spell library was empty.

Inventory:

Hand Weapons
 n - a +0 mace
 Y - a +2 war axe (weapon)
Missiles
 l - 14 boomerangs (quivered)
Armour
 c - a +0 buckler (worn)
 j - a +0 helmet (worn)
 k - a +0 plate armour (worn)
Jewellery
 i - a ring of fire
Scrolls
 a - a scroll of identify
Potions
 b - a potion of lignification
 d - 3 potions of might
 e - 3 potions of curing
 f - a potion of ambrosia {unknown}
 g - a potion of haste {unknown}

Dungeon Overview and Level Annotations

Branches:
Dungeon (4/15)
 Temple: D:4-7

Altars:

Annotations:
D:4 Dowan, Duvessa


Message History

A scorpion comes into view.
Throw: 14 boomerangs
Press: ? - help, Q - select action Shift-Dir - straight line, f/p - hobgoblin You throw a boomerang.
The boomerang barely misses the hobgoblin.
The boomerang closely misses the ogre.
A hobgoblin comes into view.
The hobgoblin shouts!
Duvessa, Sister of Dowan comes into view.
She is wielding a +0 short sword and carrying a wand of flame (11).
Duvessa shouts!
You hit the hobgoblin.
You kill the hobgoblin!
You hear a shout!
Duvessa zaps a wand.
The puff of flame hits you. The ogre hits you with a +0 giant club!
Ouch! That really hurt!
You hit the ogre but do no damage. You closely miss the scorpion.
You block the scorpion's attack.
Duvessa says, "My weaknesses are his strengths!"
Duvessa zaps a wand.
The puff of flame hits you but does no damage.
The scorpion stings you but does no damage.
You hit the ogre.
The ogre is lightly wounded.
You closely miss the scorpion. You block the ogre's attack.
The scorpion stings you but does no damage.
Duvessa zaps a wand.
The puff of flame hits you.
You hit the ogre.
The ogre is moderately wounded.
You hit the scorpion. The scorpion barely misses you.
The ogre barely misses you. The scorpion barely misses you.
You slash the ogre!
The ogre is severely wounded.
You hit the hobgoblin. You barely miss the scorpion.
Dowan, Brother of Duvessa comes into view.
He is wielding a +0 dagger and wearing a +1 robe of positive energy.
The hobgoblin hits you.
Duvessa zaps a wand.
The puff of flame hits you. The scorpion stings you.
You die...

**,,,,**,,#...............**#....
*,,,,,*,,#.........e.#,#.###....
***,,,,,,,...........###..#.....
***,*,,**#.......e.##.........
**,,*,****,........#.........%
*,,**,,**,,,#........[........
**,,,,.>,,,*#.<......##.....#.
**,,,,....###g..............#.
*,,,,,.......@....#.#.....###.
**,,,,......Os(...###.....##..
*,,,,..../...................
***,,..........$.#.......##.#
*,,,...........##.......##..
*,,,..........$##...........
*,,,...........##..........#
***,#..#....##..##........##
**,,**,,,,,*,,............


You could see Duvessa, an ogre, Dowan (wandering), a scorpion and a hobgoblin.

Vanquished Creatures
  3 worms (D:2)
  A dart slug (D:4)
  4 endoplasms
  3 giant cockroaches
  7 goblins
  10 hobgoblins
  3 jackals (D:2)
  4 quokkas
  7 ball pythons
  3 bats (D:1)
  7 frilled lizards
  3 kobolds
  2 rats (D:1)
57 creatures vanquished.

Notes
Turn   | Place    | Note
-------+----------+-------------------------------------------
     0 | D:1      | qw the Gargoyle Fighter began the quest for the Orb.
     0 | D:1      | Reached XP level 1. HP: 14/14 MP: 1/1
     0 | D:1      | 0 ||| qw: Version: 0.2-a-13-gfc7b4b4
     0 | D:1      | 0 ||| qw: Game counter: 1910
     0 | D:1      | 0 ||| qw: Always use a shield: true
     0 | D:1      | 0 ||| qw: God list: Okawaru
     0 | D:1      | 0 ||| qw: Allow faded altars: false
     0 | D:1      | 0 ||| qw: Do Orc after D:15 true
     0 | D:1      | 0 ||| qw: Do second Lair branch before Depths: true
     0 | D:1      | 0 ||| qw: Lair rune preference: random
     0 | D:1      | 0 ||| qw: Plans: Normal, Zot:1-4, God:TSO, Crypt, Tomb,
                  | Pan, Slime:5, Hells, Abyss, Orb
     0 | D:1      | 0 ||| PLANNING D:1-11
   100 | D:1      | Reached skill level 2 in Axes
   158 | D:1      | Reached XP level 2. HP: 19/19 MP: 2/2
   335 | D:1      | 335 ||| Stepping ~*~*~tactically~*~*~ (stealth).
   336 | D:1      | 336 ||| Stepping ~*~*~tactically~*~*~ (stealth).
   405 | D:1      | Reached skill level 3 in Axes
   499 | D:1      | Reached XP level 3. HP: 23/23 MP: 3/3
   808 | D:1      | 808 ||| UPGRADING to +0 helmet.
   813 | D:1      | 813 ||| UPGRADING to +0 chain mail.
   823 | D:1      | 823 ||| DROPPING +0 scale mail.
   824 | D:1      | 824 ||| DROPPING amulet of magic regeneration.
   825 | D:1      | 825 ||| READING scroll labelled JIOKOQ WIUCUXU.
   826 | D:1      | 826 ||| READING scroll labelled UGHIOTAOSU.
   827 | D:1      | 827 ||| DRINKING 2 emerald potions.
   932 | D:1      | 932 ||| DROPPING potion of berserk rage.
   955 | D:2      | 955 ||| Stepping ~*~*~tactically~*~*~ (stealth).
   956 | D:2      | 956 ||| Stepping ~*~*~tactically~*~*~ (stealth).
   986 | D:2      | 986 ||| Stepping ~*~*~tactically~*~*~ (stealth).
  1021 | D:2      | 1021 ||| Stepping ~*~*~tactically~*~*~ (stealth).
  1419 | D:2      | You fall into a shaft and drop 2 floors!
  1453 | D:4      | Reached XP level 4. HP: 25/28 MP: 4/4
  1464 | D:4      | 1464 ||| READING scroll labelled ROXESISUF.
  1465 | D:4      | 1465 ||| READING scroll labelled DAKU SESULL.
  1509 | D:3      | Found a faded altar of an unknown god.
  1859 | D:3      | 1859 ||| UPGRADING to +0 plate armour.
  1869 | D:3      | 1869 ||| DROPPING +0 chain mail.
  1870 | D:3      | 1870 ||| READING scroll labelled OMNEES XEBLUO.
  1871 | D:3      | 1871 ||| DRINKING 2 green potions.
  1872 | D:3      | 1872 ||| DROPPING potion of invisibility.
  1923 | D:2      | 1923 ||| Stepping ~*~*~tactically~*~*~ (stealth).
  2070 | D:2      | Reached skill level 4 in Axes
  2194 | D:2      | 2194 ||| READING 3 scrolls labelled NAWOECI XIANEU.
  2195 | D:2      | 2195 ||| DRINKING 3 golden potions.
  2196 | D:2      | 2196 ||| READING 2 scrolls of identify.
  2196 | D:2      | 2196 ||| IDENTIFYING white potion
  2610 | D:3      | 2610 ||| DROPPING +0 club.
  2620 | D:3      | 2620 ||| READING 2 scrolls labelled XUFYJEOS IRIMI.
  2621 | D:3      | 2621 ||| READING scroll of enchant weapon.
  2621 | D:3      | 2621 ||| ENCHANTING +1 war axe.
  2669 | D:4      | Noticed an ogre
  2670 | D:4      | Noticed a scorpion
  2672 | D:4      | Noticed Duvessa
  2678 | D:4      | Noticed Dowan
  2678 | D:4      | HP: 4/28 [Duvessa/puff of flame (4)]
  2678 | D:4      | Slain by a scorpion

Levels and vault maps discovered:
D:1:      minmay_arrival_cross, layout_basic, item_on_display_a
D:2:      layout_basic
D:3:      layout_basic, basic_ecumenical_altar, kennysheep_minor_cross,
          supply_closet_lemuel
D:4:      layout_cave_pools, jmf_multi_god_temple, ebering_ghost_sewer_d,
          minmay_misc_feat_four_crosses, uniq_duvessa, uniq_ijyb, uniq_grinder

Skill      XL: |  1  2  3  4 |
---------------+-------------+-----
Axes           | 2 3 4 |  4.0
Fighting       | |  3.2
Armour         | |  3.2
Shields        | |  3.2

Action                   |  1- 3 |  4- 6 || total
-------------------------+-------+-------++-------
Melee: War axe           |    92 |    25 ||   117
Throw: Boomerang         |    35 |    20 ||    55
  Use: Scroll            |     2 |     7 ||     9
       Potion            |     1 |     2 ||     3
Armor: Scale mail        |    37 |       ||    37
       Chain mail        |     4 |     1 ||     5
       Plate armour      |       |    12 ||    12
Dodge: Dodged            |    48 |     6 ||    54
Block: Buckler           |    17 |     7 ||    24

Table legend:
 A = Non-vault XP
 B = Vault XP
 C = Vault XP percentage of total XP
 D = Non-vault monster count
 E = Vault monster count
 F = Vault count percentage of total count
                 A         B        C        D         E       F
            +---------+---------+-------+---------+---------+-------
      Total |     107 |       0 |   0.0 |      57 |       0 |   0.0
            +---------+---------+-------+---------+---------+-------
        D:1 |      42 |       0 |   0.0 |      27 |       0 |   0.0
        D:2 |      46 |       0 |   0.0 |      21 |       0 |   0.0
        D:3 |       9 |       0 |   0.0 |       5 |       0 |   0.0
        D:4 |      10 |       0 |   0.0 |       4 |       0 |   0.0
            +---------+---------+-------+---------+---------+-------
